 Dungeon Crawl Stone Soup version 0.28.0-47-ge53b351184 (webtiles) character file.

Game seed: 15549156342550490274

410 Iusername the Slasher (level 6, -16/53 HPs)
             Began as a Minotaur Fighter on May 4, 2022.
             Demolished by an ogre
             ... wielding a +0 giant club
              (21 damage)
             ... on level 5 of the Dungeon.
             The game lasted 00:05:08 (3670 turns).

Iusername the Slasher (Minotaur Fighter)            Turns: 3670, Time: 00:05:09

Health: -16/53     AC:  8    Str: 23    XL:     6   Next: 58%
Magic:  5/5        EV:  9    Int:  5    God:
Gold:   224        SH:  4    Dex:  9    Spells: 5/5 levels left

rFire   . . .      SeeInvis .   a - +0 long sword (chaos)
rCold   . . .      Faith    .   c - +0 buckler
rNeg    . . .      Spirit   .   b - +0 scale mail
rPois   .          Reflect  .   (helmet restricted)
rElec   .          Harm     .   (no cloak)
rCorr   .          Rampage  .   l - +0 pair of gloves
Will    .....                   (no boots)
Stlth   ..........              r - amulet of the acrobat
HPRegen 0.17/turn               (no ring)
MPRegen 0.09/turn               (no ring)

@: mighty
A: horns 2, retaliatory headbutt
a: no special abilities


You were on level 5 of the Dungeon.
You visited 1 branch of the dungeon, and saw 5 of its levels.

You collected 224 gold pieces.

Inventory:

Hand Weapons
 a - a +0 long sword of chaos (weapon)
Missiles
 q - 5 boomerangs (quivered)
Armour
 b - a +0 scale mail (worn)
 c - a +0 buckler (worn)
 l - a +0 pair of gloves (worn)
Jewellery
 r - an amulet of the acrobat (around neck)
Scrolls
 e - 2 scrolls of amnesia
 f - a scroll of silence
 i - a scroll of immolation {unknown}
 n - 3 scrolls of noise
 o - a scroll of enchant weapon {unknown}
 p - a scroll of teleportation {unknown}
Potions
 h - a potion of attraction {unknown}
 j - a potion of lignification {unknown}
 m - 3 potions of heal wounds {unknown}


   Skills:
 + Level 4.6 Fighting
 + Level 5.6 Long Blades
 + Level 1.0 Throwing
 + Level 5.2 Armour
 + Level 1.2 Dodging
 + Level 5.0 Shields


You had 5 spell levels left.
You didn't know any spells.
Your spell library contained the following spells:

 Spells                   Type           Power      Damage    Failure   Level
 Ensorcelled Hibernation  Hex/Ice        0%         N/A       94%         2
 Passwall                 Tmut/Erth      0%         N/A       94%         2
 Swiftness                Air            0%         N/A       99%         3


Dungeon Overview and Level Annotations

Branches:
Dungeon (5/15)
 Temple: D:4-7

Altars:

Shops:
D:2 ![(

Annotations:
D:5 Blork the orc


Innate Abilities, Weirdness & Mutations

You have a pair of horns on your head.
You reflexively headbutt those who attack you in melee.


Message History

Blork the orc hits you with a +0 hand axe.
Blork the orc points at you and mumbles some strange words.
The puff of flame hits you.
There are monsters nearby!
There are monsters nearby!
You barely miss Blork the orc. You headbutt Blork the orc!
Blork the orc is moderately wounded.
Blork the orc hits you with a +0 hand axe.
You block the ufetubus's attack.
The ufetubus hits you but does no damage.
Blork the orc gestures at you while chanting.
The magic dart hits you.
You feel very mighty all of a sudden. The ufetubus closely misses you.
You furiously retaliate!
You headbutt the ufetubus!!
You kill the ufetubus!
An adder comes into view.
Blork the orc hits you with a +0 hand axe.
Your Shields skill increases to level 5!
The adder hisses angrily.
You hit Blork the orc.
Blork the orc is poisoned.
Blork the orc is heavily wounded.
Blork the orc hits you with a +0 hand axe.
You block Blork the orc's attack. The ogre hits you with a +0 giant club!
You slash Blork the orc!
Blork the orc's magic leaks into the air.
Blork the orc is almost dead.
Blork the orc hits you with a +0 hand axe!
* * * LOW HITPOINT WARNING * * *
The water moccasin zombie bites you.
* * * LOW HITPOINT WARNING * * *
Blork the orc casts a spell at you. The magic dart hits you.
* * * LOW HITPOINT WARNING * * *
Unknown command.
You barely miss Blork the orc.
Blork the orc is almost dead.
Blork the orc's magic is no longer disrupted.
The ogre hits you with a +0 giant club!!
You die...

.........#
.........##
...........
...........####
...?.....#.....
.........#..#..
......Oo......#
#.).S.Z@...#
##........##
###......#
.....##.###
##### #.# #.#
#.# #.#
#####.######


You could see Blork the orc (fast, very poisoned), an ogre, an adder and a water
moccasin zombie.

Vanquished Creatures
  A black bear (D:4)
  A hound (D:4)
  An orc priest (D:4)
  2 iguanas
  Jessica (D:3)
  An orc wizard (D:4)
  6 adders
  An ufetubus (D:5)
  An adder skeleton (D:4)
  A worm (D:2)
  A dart slug (D:1)
  10 orcs
  5 ball pythons
  8 endoplasms
  3 giant cockroaches
  7 goblins
  9 hobgoblins
  5 jackals (D:4)
  5 kobolds (D:1)
  3 quokkas
  5 bats
  5 frilled lizards
  2 rats (D:1)
84 creatures vanquished.

Notes
Turn   | Place    | Note
-------+----------+-------------------------------------------
     0 | D:1      | Iusername the Minotaur Fighter began the quest for the Orb.
     0 | D:1      | Reached XP level 1. HP: 19/19 MP: 0/0
   190 | D:1      | Reached XP level 2. HP: 25/27 MP: 1/1
   359 | D:1      | Found a faded altar of an unknown god.
   835 | D:1      | Reached XP level 3. HP: 33/33 MP: 2/2
   929 | D:2      | Found Gacug's Armour Emporium.
   932 | D:2      | Found Dixtof Ratarch's Distillery.
  1272 | D:2      | Found Azann's Antique Weapon Shop.
  1546 | D:3      | Reached XP level 4. HP: 40/40 MP: 3/3
  1804 | D:3      | Noticed Jessica
  1818 | D:3      | Killed Jessica
  2245 | D:4      | Noticed a black bear
  2256 | D:4      | Killed a black bear
  2257 | D:4      | Reached XP level 5. HP: 29/47 MP: 4/4
  2415 | D:4      | Reached skill level 5 in Long Blades
  2438 | D:4      | Reached skill level 5 in Armour
  2438 | D:4      | Reached skill level 1 in Dodging
  2508 | D:4      | Reached XP level 6. HP: 39/53 MP: 5/5
  3562 | D:5      | Entered Level 5 of the Dungeon
  3568 | D:5      | Reached skill level 1 in Throwing
  3661 | D:5      | Noticed Blork the orc
  3668 | D:5      | Reached skill level 5 in Shields
  3670 | D:5      | Demolished by an ogre

Illustrated notes

Levels and vault maps discovered:
D:1:      nicolae_arrival_memento_mori, layout_basic, serial_curves,
          eino_curves_01, eino_curves_02, eino_curves_01, eino_curves_02,
          dilly_ecumenical_altar_fadedgnrine
D:2:      layout_basic, serial_shops, nicolae_diamond_shop, shop_statue,
          nicolae_shop_temple_entry_statues_fountains
D:3:      layout_basic, uniq_jessica
D:4:      layout_basic, guppyfry_early_lair_pool
D:5:      layout_rooms, serial_glass, glass_columns_a, glass_columns_c,
          serial_shops, shop_fountains, uniq_ijyb, uniq_blork_the_orc

Skill      XL: |  1  2  3  4  5  6 |
---------------+-------------------+-----
Shields        | 4 5 |  5.0
Long Blades    | 3 4 5 |  5.6
Fighting       | 4 |  4.6
Armour         | 4 5 |  5.2
Dodging        | 1 |  1.2
Throwing       | 1 |  1.0

Action                   |  1- 3 |  4- 6 || total
-------------------------+-------+-------++-------
Melee: Long sword        |    90 |   111 ||   201
       Headbutt          |     7 |    23 ||    30
Throw: Boomerang         |       |     8 ||     8
  Use: Potion            |       |     3 ||     3
       Scroll            |       |     5 ||     5
Armor: Scale mail        |    45 |    49 ||    94
Dodge: Dodged            |    48 |    62 ||   110
Block: Buckler           |    21 |    31 ||    52
